 Dungeon Crawl Stone Soup version 0.22-a0-280-g69bf1f3 (webtiles) character file.

131 GizzardofKazz the Cudgeler (level 5, -3/32 HPs)
             Began as a Gargoyle Fighter on Mar 17, 2018.
             Slain by a gnoll
             ... wielding a +0 flail
              (9 damage)
             ... on level 3 of the Dungeon.
             The game lasted 00:04:55 (2214 turns).

GizzardofKazz the Cudgeler (Gargoyle Fighter)       Turns: 2214, Time: 00:04:56

Health: -3/32      AC:  8    Str: 21    XL:     5   Next: 14%
Magic:  5/5        EV: 10    Int:  8    God:
Gold:   117        SH:  4    Dex:  9    Spells: 4/4 levels left

rFire    . . .     SeeInvis .   a - +0 flail
rCold    . . .     Gourm    .   s - +0 buckler
rNeg     + . .     Faith    .   h - +0 leather armour (curse)
rPois    ∞         Spirit   .   u - +0 helmet
rElec    +         Reflect  .   (no cloak)
rCorr    .         Harm     .   (no gloves)
MR       .....                  (no boots)
Stlth    +.........             (no amulet)
HPRegen  0.10/turn              (no ring)
MPRegen  0.09/turn              (no ring)

@: no status effects
A: negative energy resistance 1, electricity resistance, unbreathing,
petrification resistance, rot immunity, AC +4
a: no special abilities


You were on level 3 of the Dungeon.
You were not hungry.

You visited 1 branch of the dungeon, and saw 3 of its levels.

You collected 117 gold pieces.

Inventory:

Hand Weapons
 a - a +0 flail (weapon)
Armour
 b - a +0 scale mail
 h - a cursed +0 leather armour (worn)
 s - a +0 buckler (worn)
 u - a +0 helmet (worn)
Scrolls
 e - 6 scrolls of teleportation {unknown}
 g - a scroll of amnesia {unknown}
 i - 3 scrolls of remove curse {unknown}
 j - 2 scrolls of magic mapping {unknown}
 n - 2 scrolls of identify {unknown}
 r - a scroll of fog {unknown}
 t - a scroll of noise {unknown}
 w - a scroll of random uselessness {unknown}
Potions
 c - a potion of ambrosia {unknown}
 d - a potion of might
 k - 2 potions of curing {unknown}
 l - a potion of berserk rage {unknown}
 m - 2 potions of lignification {unknown}
 o - 2 potions of invisibility {unknown}
 p - a potion of flight {unknown}
 q - a potion of degeneration {unknown}
Comestibles
 f - 6 rations
 v - 5 chunks of flesh


   Skills:
 - Level 3.2 Fighting
 + Level 5.2 Maces & Flails
 - Level 3.2 Armour
 - Level 3.2 Shields


You had 4 spell levels left.
You didn't know any spells.

Dungeon Overview and Level Annotations

Branches:
Dungeon (3/15)

Altars:
Qazlal


Innate Abilities, Weirdness & Mutations

You are resistant to torment.
Your stone body is resilient. (AC +4)
You are immune to poison.
You resist negative energy. (rN+)
You are resistant to electric shocks. (rElec)
You can survive without breathing.
You are immune to petrification.
You are immune to rotting.


Message History

You barely miss the bat.
The bat is severely wounded.
The bat hits you but does no damage.
You completely miss the bat.
The bat is severely wounded.
The bat hits you but does no damage. x2; The bat closely misses you.
You hit the bat.
The bat is severely wounded.
The bat barely misses you. The bat closely misses you.
You hit the bat.
You kill the bat!
You hit the gnoll but do no damage. The gnoll hits you with a flail!
* * * LOW HITPOINT WARNING * * *
You sock the gnoll!
The gnoll is severely wounded.
The gnoll closely misses you.
You closely miss the gnoll.
The gnoll is severely wounded.
The gnoll hits you with a flail!
You die...

#. #.# #. #.# #. #.#
#. #.# ##.###.#
..###...##.#
...........#
..##...############..#
##.#.....@goo......
...#.#######.###...
..####.# .# ... #.# .#
#. #.# .. . ..# .. ###
..# ..+


You could see a gnoll and 2 orcs.

Vanquished Creatures
  An orc wizard (D:3)
  2 adders (D:2)
  2 gnolls (D:3)
  A worm (D:3)
  3 dart slugs (D:1)
  A leopard gecko (D:1)
  2 orcs (D:3)
  A ball python (D:1)
  A giant cockroach (D:1)
  4 goblins
  7 hobgoblins
  7 jackals (D:2)
  A quokka (D:2)
  8 bats
  2 frilled lizards
  2 kobolds (D:1)
  9 rats
54 creatures vanquished.

Notes
Turn   | Place    | Note
-------+----------+-------------------------------------------
     0 | D:1      | GizzardofKazz the Gargoyle Fighter began the quest for the Orb.
     0 | D:1      | Reached XP level 1. HP: 14/14 MP: 1/1
    78 | D:1      | Reached XP level 2. HP: 7/19 MP: 2/2
   503 | D:1      | Reached skill level 3 in Maces & Flails
   836 | D:1      | Reached XP level 3. HP: 17/23 MP: 3/3
  1553 | D:2      | Reached skill level 4 in Maces & Flails
  1683 | D:2      | Found a stormy altar of Qazlal.
  1694 | D:2      | Reached XP level 4. HP: 20/28 MP: 4/4
  2203 | D:3      | Reached skill level 5 in Maces & Flails
  2203 | D:3      | Reached XP level 5. HP: 14/32 MP: 5/5
  2214 | D:3      | Slain by a gnoll

Vault maps used:
D:1:      lightli_arrival_maybe_door_vault
D:2:      lemuel_crystal_altar, first_ration
D:3:      minivault_25

Skill      XL: |  1  2  3  4 |
---------------+-------------+-----
Maces & Flails | 3 4 5 |  5.2
Fighting       | |  3.2
Armour         | |  3.2
Shields        | |  3.2

Action                   |  1- 3 |  4- 6 || total
-------------------------+-------+-------++-------
Melee: Flail             |    93 |    68 ||   161
  Eat: Chunk             |     2 |     2 ||     4
Armor: Leather armour    |    63 |    35 ||    98
       Scale mail        |     3 |       ||     3
Dodge: Dodged            |    85 |    58 ||   143
Block: Buckler           |    11 |    16 ||    27

Table legend:
 A = Spawn XP
 B = Non-spawn XP
 C = Spawn XP percentage of total XP
 D = Spawn monster count
 E = Non-spawn monster count
 F = Spawn count percentage of total count
 G = Total turns spent on level
                    A         B        C        D         E        F      G
               +---------+---------+-------+---------+---------+-------+---------
         Total |       0 |     188 |   0.0 |       0 |      54 |   0.0 |  2214
               +---------+---------+-------+---------+---------+-------+---------
           D:1 |       0 |      43 |   0.0 |       0 |      22 |   0.0 |  1266
           D:2 |       0 |      61 |   0.0 |       0 |      22 |   0.0 |   862
           D:3 |       0 |      84 |   0.0 |       0 |      10 |   0.0 |    86
               +---------+---------+-------+---------+---------+-------+---------
